 Dungeon Crawl Stone Soup version 0.28-a0-881-gae16bb6c82 (webtiles) character file.

Game seed: 4187883319878510029

2354 Peloso the Carver (level 9, -4/77 (78) HPs)
             Began as a Minotaur Fighter on Nov 21, 2021.
             Slain by a troll (12 damage)
             ... on level 9 of the Dungeon.
             The game lasted 00:14:21 (7442 turns).

Peloso the Carver (Minotaur Fighter)                Turns: 7442, Time: 00:14:22

HP:   -4/77 (78)    AC: 12    Str: 23    XL:     9   Next: 20%
MP:   8/8           EV:  9    Int:  5    God:
Gold: 330           SH:  5    Dex: 11    Spells: 8/8 levels left

rFire   . . .      SeeInvis .   a - +0 long sword
rCold   . . .      Faith    .   c - +0 buckler
rNeg    . . .      Spirit   .   k - +0 chain mail
rPois   +          Reflect  .   (helmet restricted)
rElec   .          Harm     .   (no cloak)
rCorr   .          Rampage  .   l - +0 pair of gloves
Will    .....                   (no boots)
Stlth   ..........              (no amulet)
HPRegen 0.22/turn               h - ring of poison resistance
MPRegen 0.11/turn               (no ring)

@: lightly drained
A: horns 2, retaliatory headbutt
a: no special abilities


You were on level 9 of the Dungeon.
You visited 1 branch of the dungeon, and saw 10 of its levels.
You also visited: Sewer.

You collected 330 gold pieces.

Inventory:

Hand Weapons
 a - a +0 long sword (weapon)
 b - a +3 vampiric trident
Armour
 c - a +0 buckler (worn)
 d - a +0 plate armour
 k - a +0 chain mail (worn)
 l - a +0 pair of gloves (worn)
Jewellery
 h - a ring of poison resistance (left hand)
 q - a +6 ring of dexterity
Wands
 s - a wand of paralysis (17)
Scrolls
 e - 2 scrolls of blinking
 j - a scroll of noise
 n - a scroll of amnesia
 u - a scroll of identify
Potions
 f - 3 potions of flight
 g - a potion of brilliance
 i - 3 potions of curing
 m - a potion of berserk rage {unknown}
 p - 2 potions of resistance {unknown}
 r - a potion of cancellation {unknown}
 t - 2 potions of haste {unknown}


   Skills:
 + Level 6.7 Fighting
 + Level 9.4 Long Blades
 + Level 9.0 Armour
 + Level 2.8 Dodging
 + Level 0.7 Stealth
 + Level 5.9 Shields


You had 8 spell levels left.
You didn't know any spells.
Your spell library contained the following spells:

 Spells                   Type           Power      Damage    Failure   Level
 Corpse Rot               Necr/Air       0%         N/A       99%         2
 Poisonous Vapours        Pois/Air       0%         N/A       99%         2


Dungeon Overview and Level Annotations

Branches:
Dungeon (10/15)            Temple (0/1) D:4           Sewer (visited)
   Lair: D:8-11         Orc: D:9-12

Altars:
Trog


Innate Abilities, Weirdness & Mutations

You have a pair of horns on your head.
You reflexively headbutt those who attack you in melee.


Message History

The troll barely misses you. The troll closely misses you.
The troll barely misses you.
You hit the troll but do no damage. You headbutt the troll.
The troll is lightly wounded.
You barely miss the troll.
You headbutt the troll, but do no damage.
The troll is lightly wounded.
The troll closely misses you. The troll claws you but does no damage.
You block the troll's attack.
You hit the troll. You headbutt the troll.
The troll is moderately wounded.
The troll bites you! The troll barely misses you. The troll claws you.
You barely miss the troll.
The troll is moderately wounded.
The troll bites you. You block the troll's attack. The troll claws you!
You hit the troll.
The troll is moderately wounded.
The troll bites you. The troll barely misses you. The troll claws you.
You hit the troll.
The troll is heavily wounded.
The troll bites you!
* * * LOW HITPOINT WARNING * * *
The troll claws you.
* * * LOW HITPOINT WARNING * * *
The troll closely misses you.
You feel better. The troll bites you.
* * * LOW HITPOINT WARNING * * *
The troll claws you!
* * * LOW HITPOINT WARNING * * *
The troll closely misses you.
You slash the troll!
The troll is heavily wounded.
The troll bites you but does no damage. The troll claws you!
* * * LOW HITPOINT WARNING * * *
The troll claws you.
* * * LOW HITPOINT WARNING * * *
Unknown command.
Items here: )) [[.
You feel better. The troll bites you!
You die...

#### ####### #..
....... #.#########
y......###.#.#.....#
y.y....'.#†#@#.###.#
..yy...#.#.#.T<#.#.#
.......#.'.#####.#.#
.......###.......#.#
#####+# #.###.###.#
#...#.....#
########'## #####.#
#.....#


You could see a troll.

Vanquished Creatures
  Edmund (D:5)
  A water moccasin (D:6)
  Duvessa (D:5)
  An orc warrior (D:10)
  2 sky beasts (D:6)
  An ice beast (D:6)
  3 ogres
  A phantom (D:4)
  A kobold brigand (Sewer)
  A bullfrog (D:9)
  2 scorpions (D:5)
  A wyvern skeleton (D:6)
  Dowan (D:5)
  5 killer bees (D:9)
  2 wights (D:9)
  4 howler monkeys
  A centaur zombie (D:5)
  2 hounds (D:5)
  An orc priest (D:10)
  2 centaur skeletons
  Natasha (D:4)
  An iguana (D:6)
  An orc wizard (D:10)
  A hound zombie (D:5)
  4 gnolls (D:4)
  8 adders
  A shadow imp (D:6)
  A white imp (D:5)
  An ufetubus (D:6)
  2 worms (D:3)
  2 dart slugs (D:4)
  11 orcs
  4 ball pythons
  4 endoplasms
  6 giant cockroaches
  12 goblins
  9 hobgoblins
  11 jackals
  13 kobolds
  11 quokkas
  6 bats
  A frilled lizard (D:1)
  16 rats
161 creatures vanquished.

Notes
Turn   | Place    | Note
-------+----------+-------------------------------------------
     0 | D:1      | Peloso the Minotaur Fighter began the quest for the Orb.
     0 | D:1      | Reached XP level 1. HP: 19/19 MP: 0/0
   276 | D:1      | Reached XP level 2. HP: 27/27 MP: 1/1
  1001 | D:2      | Reached XP level 3. HP: 31/33 MP: 2/2
  1500 | D:2      | Reached XP level 4. HP: 34/41 MP: 3/3
  2569 | D:3      | Reached XP level 5. HP: 20/47 MP: 4/4
  3241 | D:4      | Found a staircase to the Ecumenical Temple.
  3245 | D:4      | Reached skill level 5 in Armour
  3523 | D:4      | Found a bloodstained altar of Trog.
  3579 | D:4      | Found a glowing drain.
  3606 | Sewer    | Entered a sewer
  3770 | Sewer    | Reached skill level 5 in Fighting
  3770 | Sewer    | Reached skill level 5 in Long Blades
  3770 | Sewer    | Reached XP level 6. HP: 44/56 MP: 5/5
  3842 | Sewer    | Found a white marble altar of Elyvilon.
  3901 | D:4      | Noticed Natasha
  3909 | D:4      | Reached skill level 1 in Dodging
  3917 | D:4      | Killed Natasha
  4623 | D:5      | Entered Level 5 of the Dungeon
  4629 | D:5      | Reached XP level 7. HP: 61/61 MP: 6/6
  4661 | D:5      | Noticed Edmund
  4681 | D:5      | Killed Edmund
  4682 | D:5      | Reached skill level 5 in Shields
  4923 | D:5      | Noticed Duvessa
  4926 | D:5      | Noticed Dowan
  4933 | D:5      | Killed Duvessa
  4941 | D:5      | Killed Dowan
  5253 | D:5      | Reached XP level 8. HP: 70/70 MP: 7/7
  7040 | D:7      | You fall into a shaft and drop 3 floors!
  7040 | D:10     | Entered Level 10 of the Dungeon
  7058 | D:10     | Reached XP level 9. HP: 67/78 MP: 8/8
  7430 | D:9      | Noticed a troll
  7439 | D:9      | HP: 1/77 [troll (4)]
  7442 | D:9      | Slain by a troll

Illustrated notes

Levels and vault maps discovered:
D:1:      nzn_arrival_crosshair, layout_loops_corners, minmay_pentomino_u2
D:2:      layout_loops_corners
D:3:      corexii_shack_village, layout_rooms
D:4:      layout_basic, mainiacjoe_overflow_boulevard,
          minmay_temple_entry_arrows, gup_sewer_entry_pipe, uniq_natasha
D:5:      layout_loops_ring, uniq_edmund, uniq_duvessa
D:6:      wander_river, layout_gridville
D:7:      minmay_razor_zed, layout_basic, worms_lemuel
D:8:      minmay_bloctagon, layout_rooms, minivault_27, uniq_prince_ribbit1
D:9:      layout_roguey, kennysheep_small_circle
D:10:     layout_irregular_city, erik_lair_island, biasface_ghost_orc_armoury

Skill      XL: |  1  2  3  4  5  6  7  8  9 |
---------------+----------------------------+-----
Armour         | 4 5 6 8 9 |  9.0
Long Blades    | 3 5 7 9 |  9.4
Fighting       | 4 5 6 |  6.7
Shields        | 4 5 |  5.9
Dodging        | 1 2 |  2.8
Stealth        | |  0.7

Action                   |  1- 3 |  4- 6 |  7- 9 || total
-------------------------+-------+-------+-------++-------
Melee: Long sword        |    86 |   222 |   210 ||   518
       Headbutt          |     6 |    29 |    38 ||    73
  Use: Potion            |     2 |       |     3 ||     5
       Scroll            |     3 |     5 |     1 ||     9
Armor: Scale mail        |    36 |       |       ||    36
       Chain mail        |    20 |   116 |    88 ||   224
Dodge: Dodged            |    41 |    95 |    98 ||   234
Block: Buckler           |    26 |    67 |    40 ||   133

Table legend: (Time is in decaauts)
 A = Elapsed time spent in this place.
 B = Non-inter-level travel time spent in this place.
 C = Inter-level travel time spent in this place.
 D = Time resting spent in this place.
 E = Time spent auto-exploring this place.
 F = Levels seen in this place.
 G = Mean time per level.
                   A        B        C        D        E       F      G
               +--------+--------+--------+--------+--------+-----+--------+
         Total |   7600 |   7488 |    112 |    275 |   5368 |  11 |  690.9 |
       Dungeon |   7267 |   7155 |    112 |    275 |   5169 |  10 |  726.7 |
         Sewer |    333 |    333 |      0 |      0 |    198 |   1 |  333.0 |
               +--------+--------+--------+--------+--------+-----+--------+

Top non-repeatable levels by time:
     D:2: 1302 daAuts
     D:6: 1248 daAuts
     D:5: 1181 daAuts
     D:4: 1167 daAuts
     D:3: 990 daAuts
     D:1: 976 daAuts
     D:9: 361 daAuts
   Sewer: 333 daAuts
    D:10: 31 daAuts
     D:8: 4 daAuts
     D:7: 0 daAuts
